 Dungeon Crawl Stone Soup version 0.31-a0-236-g9a0961fb85 (webtiles) character file.

Game seed: 18422796417346548930

223 BubbleThief the Insei (level 6, -3/42 HPs)
             Began as an Octopode Transmuter on July 10, 2023.
             Splashed by a jelly's acid (6 damage)
             ... on level 5 of the Dungeon.
             The game lasted 00:03:58 (3111 turns).

BubbleThief the Insei (Octopode Transmuter)         Turns: 3111, Time: 00:03:58

Health: -3/42      AC: -7    Str:  8 (11) XL:     6   Next: 0%
Magic:  9/9        EV: 13    Int: 13 (16) God:
Gold:   198        SH:  0    Dex: 10 (12) Spells: 6/9 levels left

rFire   . .          .
                       - Unarmed
rCold   . . .        (no shield)
rNeg    . . .        (helmet currently unavailable)
rPois   .            (no amulet)
rElec   .            (no ring)
rCorr   .            (no ring)
SInv    .            (no ring)
Will    .....        (no ring)
Stlth   ++           (no ring)
HPRegen 0.27/turn    (no ring)
MPRegen 0.11/turn    (no ring)
                     (no ring)

%: no passive effects
@: brilliant, appendages, wereblooded, corroded
A: tentacle spike 3, almost no armour, amphibious, 8 rings, camouflage 1,
gelatinous body 1, (nimble swimmer 1), tentacles
a: End Transformation


You were on level 5 of the Dungeon.
One of your tentacles had grown a beastly spike.
You visited 1 branch of the dungeon, and saw 6 of its levels.

You collected 198 gold pieces.

Inventory:

Missiles
 f - 4 curare-tipped darts
Jewellery
 b - a ring of ice
Wands
 j - a wand of polymorph (6)
 k - a wand of flame (12)
Scrolls
 c - 5 scrolls of identify {unknown}
 d - 3 scrolls of blinking {unknown}
 e - a scroll of revelation {unknown}
 h - a scroll of fear {unknown}
 i - a scroll of vulnerability {unknown}
 m - a scroll of silence {unknown}
 q - a scroll of poison {unknown}
Potions
 a - 2 potions of lignification
 l - a potion of degeneration
 o - a potion of enlightenment {unknown}
 p - a potion of attraction {unknown}


   Skills:
 + Level 3.3 Fighting
 - Level 2.0 Dodging
 + Level 4.4 Unarmed Combat
 - Level 2.0 Spellcasting
 + Level 3.7 Transmutations


You had 6 spell levels left.
You knew the following spells:

 Your Spells              Type           Power      Damage    Failure   Level
a - Beastly Appendage     Tmut           32%        N/A       5%          1
b - Wereblood             Tmut           16%        N/A       9%          2

Your spell library contained the following spells:

 Spells                   Type           Power      Damage    Failure   Level
 Sting                    Tmut/Pois      36%        1d4       12%         1
 Slow                     Hex            4%         N/A       26%         1
 Spider Form              Tmut/Pois      9%         N/A       34%         3
 Scorch                   Fire           2%         2d5       36%         2
 Confusing Touch          Hex            1%         N/A       58%         3
 Vampiric Draining        Necr           1%         2d6       58%         3
 Vhi's Electric Charge    Tloc/Air       2%         N/A       58%         3
 Ice Form                 Ice/Tmut       9%         N/A       75%         4
 Flame Wave               Conj/Fire      1%         2d4       94%         4
 Arcjolt                  Conj/Air       0%         1d10      100%        5
 Freezing Cloud           Conj/Ice/Air   0%         6-21      100%        5
 Metabolic Englaciation   Hex/Ice        0%         N/A       100%        5
 Summon Cactus Giant      Summ           0%         N/A       100%        6
 Maxwell's Capacitive Co  Air            0%         ∞         100%        8


Dungeon Overview and Level Annotations

Branches:
Dungeon (6/15)
 Temple: D:4-7

Altars:
Ashenzari
Cheibriados
Elyvilon
Fedhas
Sif Muna
Yredelemnul
The Shining One

Annotations:
D:4 Pikel


Innate Abilities, Weirdness & Mutations

One of your tentacles has grown a beastly spike.
You cannot wear most types of armour.
You are amphibious.
You can wear up to eight rings at the same time.
Your skin changes colour to match your surroundings (Stealth+).
Your rubbery body absorbs attacks. (AC +1, EV +1)
((You are camouflaged when in or above water. (Stealth+)))
You have tentacles for arms and can constrict up to eight enemies at once.


Message History

You have reached level 6!
You tentacle-slap the jelly. The acid corrodes you!
Your tentacles burn!
You pierce the jelly, but do no damage.
The jelly is lightly wounded.
The jelly misses you.
You tentacle-slap the jelly. The acid corrodes you!
Your tentacles burn!
You pierce the jelly.
The jelly is moderately wounded.
The jelly closely misses you.
Your magical contamination has completely faded away.
You completely miss the jelly. You squeeze the jelly.
The jelly is heavily wounded.
The jelly hits you. The acid corrodes you!
You are splashed with acid!
* * * LOW HITPOINT WARNING * * *
Unknown command.
You tentacle-slap the jelly but do no damage.
Your tentacles burn!
* * * LOW HITPOINT WARNING * * *
You pierce the jelly, but do no damage.
You squeeze the jelly, but do no damage.
The jelly is heavily wounded.
The jelly closely misses you.
You tentacle-slap the jelly but do no damage.
Your tentacles burn!
* * * LOW HITPOINT WARNING * * *
You pierce the jelly, but do no damage.
The jelly is heavily wounded.
Unknown command.
It was a potion of degeneration.
There was something very wrong with that liquid.
You feel weakened.
You feel dopey.
You feel clumsy.
You howl as the wereblood boils in your veins!
The jelly misses you.
It was a potion of brilliance.
You feel clever all of a sudden. The jelly misses you.
It was a potion of magic.
Magic courses through your body. The jelly hits you.
* * * LOW HITPOINT WARNING * * *
You are splashed with acid.
You die...

.....#######..#
###...........#####
###...##).......#
#.....####.###.#####
##.... ...#.......#
##.## #####.#.###.#
#. #.#.# #.#.# #@#.#
#J#.# #l... ##..#
..# .|. ..## .##


You could see an iguana and a jelly.

Vanquished Creatures
  A hound (D:5)
  An iguana (D:5)
  Natasha (thrice) (D:2)
  3 adders
  A white imp (D:6)
  A worm (D:2)
  2 orcs
  3 ball pythons
  6 endoplasms
  3 giant cockroaches
  4 goblins (D:3)
  3 hobgoblins
  8 jackals
  4 quokkas
  5 bats
  4 kobolds
  2 rats
54 creatures vanquished.

Notes
Turn   | Place    | Note
-------+----------+-------------------------------------------
     0 | D:1      | BubbleThief the Octopode Transmuter began the quest for the
                  | Orb.
     0 | D:1      | Reached XP level 1. HP: 13/13 MP: 3/3
   184 | D:1      | Got the Octavo of Transition and Hypothermia
   273 | D:1      | Reached XP level 2. HP: 16/18 MP: 3/5
   336 | D:1      | Learned a level 2 spell: Wereblood
   997 | D:2      | Found a snail-covered altar of Cheibriados.
  1017 | D:2      | Noticed Natasha
  1025 | D:2      | Killed Natasha
  1026 | D:2      | Reached XP level 3. HP: 9/24 MP: 4/6
  1412 | D:2      | Reached XP level 4. HP: 23/29 MP: 5/7
  1512 | D:2      | Noticed Natasha
  1518 | D:2      | Killed Natasha
  1709 | D:2      | Noticed Natasha
  1719 | D:2      | Killed Natasha
  1838 | D:3      | Reached XP level 5. HP: 32/35 MP: 6/8
  1847 | D:3      | Reached skill level 4 in Unarmed Combat
  1984 | D:3      | Found a basalt altar of Yredelemnul.
  2009 | D:3      | Found a broken altar of Ashenzari.
  2513 | D:3      | Found a glowing golden altar of the Shining One.
  2592 | D:3      | Found a snail-covered altar of Cheibriados.
  2633 | D:3      | Found a shimmering blue altar of Sif Muna.
  2809 | D:4      | You fall into a shaft and drop 2 floors!
  2843 | D:5      | Entered Level 5 of the Dungeon
  2908 | D:4      | Noticed Pikel
  2908 | D:4      | Noticed a lemure
  2908 | D:4      | Noticed a lemure
  2908 | D:4      | Noticed a lemure
  2909 | D:4      | Noticed an ogre
  2909 | D:4      | Noticed a lemure
  2973 | D:5      | Found a white marble altar of Elyvilon.
  3052 | D:5      | Found a blossoming altar of Fedhas.
  3104 | D:5      | Reached XP level 6. HP: 31/42 MP: 3/9
  3111 | D:5      | Splashed by a jelly's acid

Illustrated notes

Levels and vault maps discovered:
D:1:      minmay_arrival_arboretum_small, layout_loops_corners,
          chequers_serial_rivers_room_b, minmay_heptomino_h4
D:2:      layout_basic, basic_altar, uniq_natasha
D:3:      layout_basic, lemuel_coloured_pillars_altar,
          mainiacjoe_overflow_two_lobes, mainiacjoe_overflow_brackets,
          nicolae_overflow_crystal_walls
D:4:      layout_rooms, nemelex_diamond_rough_becter, marbit_many_paths,
          ebering_ghost_sewer_f, uniq_pikel
D:5:      layout_loops_corners, amcnicky_altar_gilded,
          mainiacjoe_overflow_alcove_2, kennysheep_opposing_triangles
D:6:      cheibrodos_iron_armory, layout_basic,
          nicolae_wu_jian_immortal_techniques, minmay_temple_entry_arrows,
          uniq_duvessa, uniq_crazy_yiuf_cottage

Skill      XL: |  1  2  3  4  5 |
---------------+----------------+-----
Fighting       | 2 3 |  3.3
Transmutations | 3 |  3.7
Unarmed Combat | 4 |  4.4
Dodging        | |  2.0
Spellcasting   | |  2.0

Action                     |  1- 3 |  4- 6 || total
---------------------------+-------+-------++-------
  Melee: Unarmed           |    48 |    93 ||   141
         Constrict         |    13 |    15 ||    28
         Kick              |    10 |    27 ||    37
         Tentacles         |    10 |    14 ||    24
         Punch             |     1 |     1 ||     2
   Cast: Beastly Appendage |    12 |    18 ||    30
         Wereblood         |       |     1 ||     1
    Use: Potion            |       |     3 ||     3
   Stab: Sleeping          |     4 |     6 ||    10
 Armour: Skin              |     2 |     4 ||     6
  Dodge: Dodged            |    26 |    51 ||    77

Table legend: (Time is in decaauts)
 A = Elapsed time spent in this place.
 B = Non-inter-level travel time spent in this place.
 C = Inter-level travel time spent in this place.
 D = Time resting spent in this place.
 E = Time spent auto-exploring this place.
 F = Levels seen in this place.
 G = Mean time per level.
                   A        B        C        D        E       F      G
               +--------+--------+--------+--------+--------+-----+--------+
         Total |   3100 |   3048 |     52 |      0 |   2619 |   6 |  516.7 |
       Dungeon |   3100 |   3048 |     52 |      0 |   2619 |   6 |  516.7 |
               +--------+--------+--------+--------+--------+-----+--------+

Top non-repeatable levels by time:
     D:3: 973 daAuts
     D:1: 961 daAuts
     D:2: 861 daAuts
     D:5: 264 daAuts
     D:6: 33 daAuts
     D:4: 4 daAuts
